 Dungeon Crawl Stone Soup version 0.30-a0-1103-g25895a7845 (webtiles) character file.

Game seed: 639012449146241316

7 demibob the Trooper (level 1, -3/18 HPs)
             Began as a Demonspawn Wanderer on Apr 18, 2023.
             Slain by a kobold
             ... wielding a +1 short sword of protection
              (5 damage)
             ... on level 1 of the Dungeon.
             The game lasted 00:00:23 (99 turns).

demibob the Trooper (Demonspawn Wanderer)             Turns: 99, Time: 00:00:24

Health: -3/18      AC:  2    Str: 10    XL:     1   Next: 83%
Magic:  2/2        EV: 11    Int: 12    God:
Gold:   20         SH:  0    Dex: 15    Spells: 2/2 levels left

rFire   . . .      SeeInvis .    a - +1 spear
rCold   . . .      Faith    .    (no shield)
rNeg    . . .      Spirit   .    c - +0 robe
rPois   .          Reflect  .    (no helmet)
rElec   .          Rampage  .    (no cloak)
rCorr   .                        (no gloves)
Will    .....                    (no boots)
Stlth   +                        (no amulet)
HPRegen 0.23/turn                (no ring)
MPRegen 0.08/turn                (no ring)

@: flying
A: no striking features
a: no special abilities


You were on level 1 of the Dungeon.
You visited 1 branch of the dungeon, and saw 1 of its levels.

You collected 20 gold pieces.


   Skills:
 - Level 3.0 Fighting
 + Level 1.8 Polearms
 - Level 1.0 Dodging
 - Level 1.0 Spellcasting
 - Level 2.6 Transmutations
 - Level 1.0 Evocations


You had 2 spell levels left.
You didn't know any spells.
Your spell library contained the following spells:

 Spells                   Type           Power      Damage    Failure   Level
 Beastly Appendage        Tmut           14%        N/A       10%         1
 Sting                    Tmut/Pois      12%        1d3       17%         1
 Petrify                  Tmut/Erth      3%         N/A       86%         4

Inventory:

Hand Weapons
 a - a +1 spear (weapon)
Armour
 c - a +0 robe (worn)
Scrolls
 b - a scroll of fog
 d - a scroll of teleportation {unknown}
 f - a scroll of silence {unknown}

Dungeon Overview and Level Annotations

Branches:
Dungeon (1/15)

Altars:

..... ##...##
#.....### #.b.....
#...... # ## #...# #
.# #.# ##†##l##... .#
#.#######..@Kr...# ##
#.#........#.#..# #.#
##.....#...# ..
#.###.#.##.......#..#
#.#.##.#####..### .#
#.###.# #.... # #.#
#.# #..... #.# #.#
####..# #.# #.. .##


You could see a bat, a kobold, a frilled lizard and a rat.


Message History

A frilled lizard comes into view.
The frilled lizard hisses angrily.
You hit the kobold.
The kobold is heavily wounded.
The kobold hits you with a +1 short sword of protection.
* * * LOW HITPOINT WARNING * * *
You hit the kobold but do no damage.
The kobold is heavily wounded.
The kobold hits you with a +1 short sword of protection.
* * * LOW HITPOINT WARNING * * *
You miss the kobold.
The kobold is heavily wounded.
The kobold misses you.
It was a potion of flight.
You feel very buoyant.
You fly up into the air.
The kobold barely misses you.
You hit the kobold but do no damage.
The kobold is heavily wounded.
The kobold barely misses you.
You barely miss the kobold.
The kobold is heavily wounded.
The kobold barely misses you.
You hit the kobold but do no damage.
The kobold is heavily wounded.
The kobold hits you with a +1 short sword of protection.
* * * LOW HITPOINT WARNING * * *
You hit the kobold but do no damage.
The kobold is moderately wounded.
The kobold hits you with a +1 short sword of protection.
You die...

Action                     || total
---------------------------++-------
  Melee: Spear             ||    30
         Punch             ||     1
    Use: Potion            ||     1
 Armour: Robe              ||     2
  Dodge: Dodged            ||    11

Levels and vault maps discovered:
D:1:      dpeg_arrival_tiny_c, layout_loops_cross

Notes
Turn   | Place    | Note
-------+----------+-------------------------------------------
     0 | D:1      | demibob the Demonspawn Wanderer began the quest for the
                  | Orb.
     0 | D:1      | demibob set off with the following items: a +1 spear, a
                  | scroll of fog, a +0 robe; and the following spells
                  | available to memorise: Beastly Appendage, Sting, Petrify.
     0 | D:1      | Reached XP level 1. HP: 18/18 MP: 2/2
    99 | D:1      | Slain by a kobold

Vanquished Creatures
  An endoplasm (D:1)
  A goblin (D:1)
  2 hobgoblins (D:1)
  A kobold (D:1)
  A rat (D:1)
6 creatures vanquished.

Table legend: (Time is in decaauts)
 A = Elapsed time spent in this place.
 B = Non-inter-level travel time spent in this place.
 C = Inter-level travel time spent in this place.
 D = Time resting spent in this place.
 E = Time spent auto-exploring this place.
 F = Levels seen in this place.
 G = Mean time per level.
                   A        B        C        D        E       F      G
               +--------+--------+--------+--------+--------+-----+--------+
         Total |    100 |    100 |      0 |      0 |     58 |   1 |  100.0 |
       Dungeon |    100 |    100 |      0 |      0 |     58 |   1 |  100.0 |
               +--------+--------+--------+--------+--------+-----+--------+

Top non-repeatable levels by time:
     D:1: 100 daAuts

Table legend:
 A = Non-vault XP
 B = Vault XP
 C = Vault XP percentage of total XP
 D = Non-vault monster count
 E = Vault monster count
 F = Vault count percentage of total count
                 A         B        C        D         E       F
            +---------+---------+-------+---------+---------+-------
      Total |      10 |       0 |   0.0 |       6 |       0 |   0.0
            +---------+---------+-------+---------+---------+-------
        D:1 |      10 |       0 |   0.0 |       6 |       0 |   0.0
            +---------+---------+-------+---------+---------+-------
